 Dungeon Crawl Stone Soup version 0.29-a0-1009-g60c99734e7 (webtiles) character file.

Game seed: 1839791425082183668

7 drpainis the Sneak (level 1, -2/9 HPs)
             Began as a Spriggan Enchanter on Aug 8, 2022.
             Frozen to death by an endoplasm (5 damage)
             ... on level 1 of the Dungeon.
             The game lasted 00:00:32 (538 turns).

drpainis the Sneak (Spriggan Enchanter)              Turns: 538, Time: 00:00:32

Health: -2/9       AC:  2    Str:  4    XL:     1   Next: 91%
Magic:  5/5        EV: 17    Int: 16    God:
Gold:   40         SH:  0    Dex: 15    Spells: 5/5 levels left

rFire   . . .      SeeInvis +   a - +1 dagger
rCold   . . .      Faith    .   (no shield)
rNeg    . . .      Spirit   .   b - +0 robe
rPois   .          Reflect  .   (helmet restricted)
rElec   .          Harm     .   (no cloak)
rCorr   .          Rampage  .   (gloves unavailable)
Will    .....                   (boots unavailable)
Stlth   +++.......              f - amulet of magic regeneration
HPRegen 0.03/turn               (no ring)
MPRegen 0.49/turn               (no ring)

@: invisible, very quick
A: very small, no large weapons, unfitting armour, see invisible, speed 3
a: no special abilities


You were on level 1 of the Dungeon.
You visited 1 branch of the dungeon, and saw 1 of its levels.

You collected 40 gold pieces.

Inventory:

Hand Weapons
 a - a +1 dagger (weapon)
Armour
 b - a +0 robe (worn)
Jewellery
 f - an amulet of magic regeneration (around neck)
Scrolls
 d - a scroll of noise {unknown}
 e - a scroll of fog {unknown}
 h - a scroll of amnesia {unknown}
Potions
 c - a potion of invisibility
 g - a potion of curing {unknown}
 i - a potion of degeneration {unknown}


   Skills:
 + Level 1.1 Short Blades
 + Level 2.8 Dodging
 + Level 4.8 Stealth
 + Level 2.7 Spellcasting
 + Level 3.8 Hexes


You had 5 spell levels left.
You didn't know any spells.
Your spell library contained the following spells:

 Spells                   Type           Power      Damage    Failure   Level
 Confusing Touch          Hex            14%        N/A       12%         3
 Tukima's Dance           Hex            14%        N/A       12%         3
 Ensorcelled Hibernation  Hex/Ice        16%        N/A       13%         2
 Dazzling Flash           Conj/Hex       16%        N/A       26%         3
 Gell's Gravitas          Tloc           2%         N/A       50%         3
 Teleport Other           Tloc           2%         N/A       50%         3
 Dispersal                Tloc           1%         N/A       100%        6


Dungeon Overview and Level Annotations

Branches:
Dungeon (1/15)

Altars:


Innate Abilities, Weirdness & Mutations

You are very small and have problems with some larger weapons.
You are too small for most types of armour.
You have supernaturally acute eyesight. (SInv)
You cover ground extremely quickly. (Speed+++)


Message History

A quokka is nearby!
A quokka is nearby!
A quokka is nearby!
An endoplasm comes into view.
Found a stone staircase leading down.
You see here 3 gold pieces.
The quokka misses you.
You see here a scroll labelled KOELOU QOFRA.
You closely miss the quokka. The quokka closely misses you.
You barely miss the quokka. The quokka closely misses you.
You hit the quokka.
The quokka is lightly wounded.
The quokka closely misses you.
You closely miss the quokka.
The quokka is lightly wounded.
The quokka closely misses you.
You barely miss the quokka.
The quokka is lightly wounded.
The quokka bites you. x2
There are monsters nearby!
You closely miss the quokka.
The quokka is lightly wounded.
The quokka bites you.
* * * LOW HITPOINT WARNING * * *
You see here 3 gold pieces.
You don't know any spells.
Unknown command.
You fade into invisibility!
The quokka closely misses you.
You catch the helpless quokka completely off-guard!
You puncture the quokka!
You kill the quokka!
You see here a quokka corpse.
You see here 3 gold pieces.
You see here a scroll labelled KOELOU QOFRA.
The endoplasm quivers.
The endoplasm freezes you.
You are frozen.
Ouch! That really hurt!
You die...

#..#....####
#..#........ #.
#..#†....... #
#. ....†.#.####
.###. #..####
##.. #.#. #..#
..... #..# #..#
#....###..#####
#..#
#........?.>..##
#..#
#.J@.......#
#..#
#...?.......
...#
#.##$####..#
...# ... #.# #
#.## #... #.# #.
#### #†# #.
####.##.# #
........####..#
#
####.##..[[....


You could see an endoplasm.

Vanquished Creatures
  A giant cockroach (D:1)
  2 quokkas (D:1)
  2 ball pythons (D:1)
  A frilled lizard (D:1)
  A rat (D:1)
7 creatures vanquished.

Notes
Turn   | Place    | Note
-------+----------+-------------------------------------------
     0 | D:1      | drpainis the Spriggan Enchanter began the quest for the
                  | Orb.
     0 | D:1      | Reached XP level 1. HP: 9/9 MP: 5/5
   330 | D:1      | Found a faded altar of an unknown god.
   538 | D:1      | Frozen to death by an endoplasm

Illustrated notes

Levels and vault maps discovered:
D:1:      minmay_arrival_four_houses, layout_loops_ring,
          shapermc_ecumenical_altar_mp_urbaneastern

Action                   || total
-------------------------++-------
Melee: Dagger            ||    25
  Use: Potion            ||     1
 Stab: Sleeping          ||     3
       Invisible         ||     1
Armor: Robe              ||     1
Dodge: Dodged            ||    21

Table legend: (Time is in decaauts)
 A = Elapsed time spent in this place.
 B = Non-inter-level travel time spent in this place.
 C = Inter-level travel time spent in this place.
 D = Time resting spent in this place.
 E = Time spent auto-exploring this place.
 F = Levels seen in this place.
 G = Mean time per level.
                   A        B        C        D        E       F      G
               +--------+--------+--------+--------+--------+-----+--------+
         Total |    364 |    364 |      0 |     62 |    230 |   1 |  364.0 |
       Dungeon |    364 |    364 |      0 |     62 |    230 |   1 |  364.0 |
               +--------+--------+--------+--------+--------+-----+--------+

Top non-repeatable levels by time:
     D:1: 364 daAuts
